 Dungeon Crawl Stone Soup version 0.32-a0-999-gfa1cc04b1d (webtiles) character file.

Game seed: 41507297525372440

702 shadizar the Magician (level 7, -5/47 HPs)
             Began as a Djinni Conjurer on Apr 24, 2024.
             Slain by an ice beast (18 damage)
             ... on level 5 of the Dungeon.
             The game lasted 00:03:47 (4266 turns).

shadizar the Magician (Djinni Conjurer)             Turns: 4266, Time: 00:03:49

Health: -5/47      AC:  2    Str:  6    XL:     7   Next: 98%
Gold:   155        EV: 11    Int: 22    God:
                   SH:  0    Dex: 11

rFire   + + .        (no weapon)
rCold   x . .        (no shield)
rNeg    . . .        a - +0 robe
rPois   ∞            (no helmet)
rElec   .            (no cloak)
rCorr   .            (no gloves)
SInv    .            (boots unavailable)
Will    .....        (no amulet)
Stlth   ++           (no ring)
HPRegen 0.27/turn    (no ring)

%: infuse magic (-6 HP)
@: flying
A: sickness immunity, fire resistance 2, cold vulnerability 1, float, innate
caster, HP casting, extra vitality 1
a: no special abilities


You were on level 5 of the Dungeon.
You visited 2 branches of the dungeon, and saw 6 of its levels.

You collected 155 gold pieces.

Inventory:

Armour
 a - a +0 robe (worn)
 i - a +0 helmet
Scrolls
 b - 2 scrolls of fear {unknown}
 c - 3 scrolls of identify {unknown}
 d - a scroll of revelation {unknown}
 g - 2 scrolls of teleportation {unknown}
 k - a scroll of torment {unknown}
 m - a scroll of noise {unknown}
 n - a scroll of brand weapon {unknown}
 o - a scroll of amnesia {unknown}
 p - a scroll of acquirement {unknown}
 r - a scroll of butterflies {unknown}
 s - a scroll of poison {unknown}
 t - 2 scrolls of enchant armour {unknown}
Potions
 e - a potion of magic {unknown}
 f - a potion of brilliance {unknown}
 h - a potion of ambrosia {unknown}
 j - a potion of might {unknown}
 l - 2 potions of haste {unknown}
 q - a potion of mutation {unknown}


   Skills:
 + Level 1.5 Fighting
 + Level 1.5 Armour
 + Level 2.9 Dodging
 + Level 2.2 Stealth
 + Level 6.6 Spellcasting
 + Level 6.6 Conjurations
 + Level 6.6 Hexes
 + Level 6.6 Summonings
 + Level 6.6 Necromancy
 + Level 6.6 Translocations
 + Level 6.6 Fire Magic
 + Level 6.6 Ice Magic
 + Level 6.6 Air Magic
 + Level 6.6 Earth Magic
 + Level 6.6 Alchemy


You knew the following spells:

 Your Spells              Type           Power      Damage    Failure   Level
a - Magic Dart            Conj           100%       1d8       1%          1
b - Searing Ray           Conj           72%        2d7       1%          2
c - Fulminant Prism       Conj/Alch      18%        3d10      5%          4
d - Iskenderun's Mystic Conj/Tloc 36%            2d9        (+2d4     5%          4
e - Sandblast             Erth           72%        2d16      1%          1
f - Ensorcelled Hibernat  Hex/Ice        72%        N/A       1%          2
g - Summon Ice Beast      Ice/Summ       36%        N/A       1%          3
Your spell library was empty.

Dungeon Overview and Level Annotations

Branches:
Dungeon (5/15)             Temple (1/1) D:4

Altars:
Ashenzari
Cheibriados
Dithmenos
Elyvilon
Gozag
Hepliaklqana
Makhleb
Nemelex Xobeh
Okawaru
Qazlal
Ru
Trog
Wu Jian
Xom
Zin
The Shining One

Annotations:
D:3 1 runed translucent door, XavTav's ghost, amateur MiFi
D:4 2 transporters, Flippered's ghost, amateur SpHu


Innate Abilities, Weirdness & Mutations

You are immune to sickness and miasma.
You are immune to poison.
Your flesh is very heat resistant. (rF++)
You are vulnerable to cold. (rC-)
You float through the air rather than walking.
You learn spells naturally, not from books.
Your magical power is your life essence.
You have superior vitality. (+4 MHP)


Message History

You can't see any susceptible monsters within range! (Use Z to cast anyway.) Unknown command.
You see here an iguana corpse.
An adder comes into view.
An adder is nearby!
An adder is nearby!
An adder is nearby!
The magic dart hits the adder.
The adder is moderately wounded.
The magic dart hits the adder!
The adder is almost dead.
An adder is nearby!
The magic dart hits the adder.
You kill the adder!
You see here an adder corpse.
You reach down and open the door.
Found a blossoming altar of Fedhas.
You can't see any susceptible monsters within range! (Use Z to cast anyway.)
There is an open door here.
Found a shimmering altar of Xom and an iron altar of Okawaru.
You can't see any susceptible monsters within range! (Use Z to cast anyway.)
Found two shimmering altars of Xom and a burning altar of Makhleb.
You can't see any susceptible monsters within range! (Use Z to cast anyway.)
An ice beast comes into view.
The altar is a mimic!
The altar mimic cackles madly and vanishes in a puff of smoke!
The ice beast misses you. The ice beast closely misses you.
The ice beast attacks as it pursues you!
The ice beast hits you. The ice beast freezes you!!
You feel a terrible chill!
The ice beast attacks as it pursues you!
The ice beast hits you. The ice beast freezes you!
You feel a terrible chill!
* * * LOW HITPOINT WARNING * * *
The altar is a mimic!
The altar mimic cackles madly and vanishes in a puff of smoke!
The ice beast attacks as it pursues you!
The ice beast hits you.
* * * LOW HITPOINT WARNING * * *
The ice beast freezes you!!
You feel a terrible chill!
You die...

# #..............###.##
##...... # #....######.##.#
##.###.###### # #.##.#
##########.#.## # #.##(#
#.ß.^ß.ß##..## ####.##.#
#ß_..._.##.## .....##.#
#.......##### ....###.#
#ß.........ß### ###.# #.#
#.§.........'.# #.# #.#
#ß.@Y......ß#.# #.# #.#
#.......#####.####
#.###.####.#ß_..._.##.......#
#..........#.ß..ß.ß########.#
######...############# #.#
.<.....#.# #.# #†# ######...#
###.# #.# ........##
#...###### #.# #######.#
#........# #.#


You could see an ice beast.

Vanquished Creatures
  Edmund (D:5)
  A phantom (D:5)
  Blork the orc (D:4)
  2 scorpions
  A hound (D:3)
  A bombardier beetle (D:5)
  3 iguanas
  6 adders
  4 gnolls
  2 ufetubi (D:5)
  4 dart slugs
  3 ribbon worms
  7 orcs
  5 bats
  8 endoplasms
  2 giant cockroaches
  4 hobgoblins
  3 jackals (D:1)
  3 ball pythons
  3 frilled lizards
  7 goblins
  2 kobolds
  7 rats
80 creatures vanquished.

Vanquished Creatures (others)
  6 fulminant prisms
6 creatures vanquished.

Grand Total: 86 creatures vanquished

Notes
Turn   | Place    | Note
-------+----------+-------------------------------------------
     0 | D:1      | shadizar the Djinni Conjurer began the quest for the Orb.
     0 | D:1      | shadizar set off with the following spells memorised: Magic
                  | Dart, Searing Ray, Fulminant Prism, Iskenderun's Mystic
                  | Blast.
     0 | D:1      | Reached XP level 1. HP: 15/15 MP: 0/0
    27 | D:1      | Reached XP level 2. HP: 16/21 MP: 0/0
   351 | D:1      | Reached XP level 3. HP: 14/25 MP: 0/0
   351 | D:1      | Learned a level 1 spell: Sandblast
  1696 | D:3      | Reached XP level 4. HP: 26/31 MP: 0/0
  1905 | D:3      | Reached XP level 5. HP: 26/35 MP: 0/0
  1905 | D:3      | Learned a level 2 spell: Ensorcelled Hibernation
  1964 | D:3      | Reached skill level 5 in Spellcasting
  1964 | D:3      | Reached skill level 5 in Conjurations
  1964 | D:3      | Reached skill level 5 in Hexes
  1964 | D:3      | Reached skill level 5 in Summonings
  1964 | D:3      | Reached skill level 5 in Necromancy
  1964 | D:3      | Reached skill level 5 in Translocations
  1964 | D:3      | Reached skill level 5 in Fire Magic
  1964 | D:3      | Reached skill level 5 in Ice Magic
  1964 | D:3      | Reached skill level 5 in Air Magic
  1964 | D:3      | Reached skill level 5 in Earth Magic
  1964 | D:3      | Reached skill level 5 in Alchemy
  2093 | D:3      | Found a runed translucent door.
  2093 | D:3      | Noticed XavTav's ghost (amateur MiFi)
  2399 | D:3      | Found a glowing silver altar of Zin.
  2628 | D:4      | Found a staircase to the Ecumenical Temple.
  2655 | D:4      | Noticed Blork the orc
  2665 | D:4      | Killed Blork the orc
  2666 | D:4      | Reached XP level 6. HP: 3/40 MP: 0/0
  2854 | Temple   | Entered the Ecumenical Temple
  2922 | D:4      | Found an iron altar of Okawaru.
  3217 | D:5      | Entered Level 5 of the Dungeon
  3234 | D:4      | Found a transporter.
  3444 | D:4      | Found a transporter.
  3446 | D:4      | Noticed Flippered's ghost (amateur SpHu)
  3575 | D:5      | Reached XP level 7. HP: 23/45 MP: 0/0
  3575 | D:5      | Learned a level 3 spell: Summon Ice Beast
  3794 | D:5      | Found an ornate altar of the Wu Jian Council.
  3927 | D:5      | Noticed Edmund
  3941 | D:5      | Killed Edmund
  3942 | D:5      | Reached skill level 1 in Fighting
  3942 | D:5      | Reached skill level 1 in Armour
  4255 | D:5      | Found a blossoming altar of Fedhas.
  4258 | D:5      | Found a shimmering altar of Xom.
  4258 | D:5      | Found an iron altar of Okawaru.
  4260 | D:5      | Found a shimmering altar of Xom.
  4260 | D:5      | Found a burning altar of Makhleb.
  4260 | D:5      | Found a shimmering altar of Xom.
  4266 | D:5      | Slain by an ice beast

Illustrated notes

Levels and vault maps discovered:
D:1:      dpeg_arrival_rooms_a, layout_basic, minivault_23
D:2:      layout_loops_cross
D:3:      minmay_general_purpose_star, layout_rooms, zin_treasury,
          hellmonk_ghost_happy_afterlife, minmay_ruptured
D:4:      layout_rooms, mainiacjoe_overflow_brackets, minmay_temple_entry_glass,
          gammafunk_ghost_mausoleum, uniq_blork_the_orc
D:5:      layout_loops_ring, doesnt_xom_only_xom,
          pdpol_wu_jian_five_deadly_venoms, serial_shops, shop,
          uniq_crazy_yiuf_cottage, uniq_edmund
Temple:   hellmonk_temple_forest_ring

Skill      XL: |  1  2  3  4  5  6  7 |
---------------+----------------------+-----
Spellcasting   | 4 5 6 |  6.6
Conjurations   | 4 5 6 |  6.6
Hexes          | 4 5 6 |  6.6
Summonings     | 4 5 6 |  6.6
Necromancy     | 4 5 6 |  6.6
Translocations | 4 5 6 |  6.6
Fire Magic     | 4 5 6 |  6.6
Ice Magic      | 4 5 6 |  6.6
Air Magic      | 4 5 6 |  6.6
Earth Magic    | 4 5 6 |  6.6
Alchemy        | 4 5 6 |  6.6
Fighting       | 1 |  1.5
Armour         | 1 |  1.5
Stealth        | 2 |  2.2
Dodging        | |  2.9

Action                     |  1- 3 |  4- 6 |  7- 9 || total
---------------------------+-------+-------+-------++-------
  Melee: Unarmed           |       |     2 |       ||     2
   Cast: Magic Dart        |    64 |   110 |    23 ||   197
         Fulminant Prism   |       |     3 |     3 ||     6
         Iskenderun's Myst |       |     4 |    11 ||    15
         Sandblast         |       |     2 |       ||     2
 Armour: Robe              |     7 |    19 |     5 ||    31
  Dodge: Dodged            |    12 |     9 |     5 ||    26

Table legend: (Time is in decaauts)
 A = Elapsed time spent in this place.
 B = Non-inter-level travel time spent in this place.
 C = Inter-level travel time spent in this place.
 D = Time resting spent in this place.
 E = Time spent auto-exploring this place.
 F = Levels seen in this place.
 G = Mean time per level.
                   A        B        C        D        E       F      G
               +--------+--------+--------+--------+--------+-----+--------+
         Total |   4267 |   4053 |    214 |      0 |   3546 |   6 |  711.2 |
       Dungeon |   4262 |   4048 |    214 |      0 |   3546 |   5 |  852.4 |
        Temple |      4 |      4 |      0 |      0 |      0 |   1 |    4.0 |
               +--------+--------+--------+--------+--------+-----+--------+

Top non-repeatable levels by time:
     D:3: 1121 daAuts
     D:1: 999 daAuts
     D:4: 783 daAuts
     D:5: 718 daAuts
     D:2: 640 daAuts
  Temple: 4 daAuts
